 Dungeon Crawl Stone Soup version 0.29-a0-207-gf982a884d8 (webtiles) character file.

Game seed: 11568203691000574955

63 Hubjo the Sneak (level 3, -23/26 HPs)
             Began as a Vampire Enchanter on Feb 23, 2022.
             Was a Follower of Kikubaaqudgha.
             Annihilated by an ogre
             ... wielding a +0 giant club
              (33 damage)
             ... on level 3 of the Dungeon.
             The game lasted 00:04:49 (1258 turns).

Hubjo the Sneak (Vampire Enchanter)                 Turns: 1258, Time: 00:04:50

Health: -23/26     AC:  4    Str: 13    XL:     3   Next: 87%
Magic:  1/6        EV: 13    Int: 17    God:    Kikubaaqudgha [*.....]
Gold:   103        SH:  0    Dex: 16    Spells: 0/6 levels left

rFire   . . .      SeeInvis +   a - +1 dagger
rCold   . . .      Faith    .   (no shield)
rNeg    . . .      Spirit   .   b - +0 robe
rPois   .          Reflect  .   (helmet restricted)
rElec   .          Harm     .   (no cloak)
rCorr   .          Rampage  .   (no gloves)
Will    +....                   (no boots)
Stlth   +++.......              (no amulet)
HPRegen 0.28/turn               d - +6 ring of strength
MPRegen 0.10/turn               k - ring of willpower

@: healing quickly
A: alive, fangs 3, see invisible, vampiric 2, horns 1, iridescent scales 1
a: Exsanguinate, Renounce Religion, Receive Corpses


You were on level 3 of the Dungeon.
You worshipped Kikubaaqudgha.
Kikubaaqudgha was aware of your devotion.
You visited 1 branch of the dungeon, and saw 3 of its levels.

You collected 103 gold pieces.

Inventory:

Hand Weapons
 a - a +1 dagger (weapon)
Armour
 b - a +0 robe (worn)
Jewellery
 d - a +6 ring of strength (left hand)
 k - a ring of willpower (right hand)
Scrolls
 g - a scroll of enchant armour
Potions
 i - a potion of cancellation


   Skills:
 * Level 1.4 Fighting
 + Level 1.6 Short Blades
 + Level 2.7 Dodging
 * Level 5.6 Stealth
 - Level 2.0 Spellcasting
 + Level 4.8 Hexes


You couldn't memorise any spells.
You knew the following spells:

 Your Spells              Type           Power      Damage    Failure   Level
a - Tukima's Dance        Hex            18%        N/A       9%          3
b - Dazzling Flash        Conj/Hex       18%        N/A       22%         3

Your spell library contained the following spells:

 Spells                   Type           Power      Damage    Failure   Level
 Confusing Touch          Hex            18%        N/A       9%          3
 Ensorcelled Hibernation  Hex/Ice        18%        N/A       11%         2
 Animate Skeleton         Necr           2%         N/A       19%         1
 Pain                     Necr           4%         1d4       19%         1
 Sublimation of Blood     Necr           1%         N/A       28%         2
 Vampiric Draining        Necr           1%         2d6       50%         3


Dungeon Overview and Level Annotations

Branches:
Dungeon (3/15)

Altars:
Kikubaaqudgha


Innate Abilities, Weirdness & Mutations

Your natural rate of healing is accelerated.
You have razor-sharp teeth.
You have supernaturally acute eyesight. (SInv)
You are afflicted with vampirism and can become a bat while bloodless.
You have a pair of small horns on your head.
You are partially covered in iridescent scales. (AC +2)


Message History

Confirm with . or Enter, or press ? or * to list all spells.
The spell is extremely dangerous to miscast (22% risk of failure)!
Continue anyway?
Casting: Dazzling Flash (extremely dangerous; 22% risk of failure)
Press: ? - help, Dir - look around, f - activate You miscast Dazzling Flash.
You are very lightly contaminated with residual magic.
Nothing appears to happen.
The orc misses you. The orc completely misses you. x2
The orc hits you but does no damage.
Casting: Dazzling Flash (extremely dangerous; 22% risk of failure)
Confirm with . or Enter, or press ? or * to list all spells.
The spell is extremely dangerous to miscast (22% risk of failure)!
Continue anyway?
Okay, then.
Casting: Dazzling Flash (extremely dangerous; 22% risk of failure)
Confirm with . or Enter, or press ? or * to list all spells.
The spell is extremely dangerous to miscast (22% risk of failure)!
Continue anyway?
Casting: Dazzling Flash (extremely dangerous; 22% risk of failure)
Press: ? - help, Dir - look around, f - activate The orc is dazzled. x4; The orc hits you with a +0 hand axe.
The orc closely misses you. The orc hits you but does no damage.
The orc barely misses you. The orc closely misses you. x2
An orc comes into view. It is wielding a +0 club.
The ogre closely misses you.
Your +0 morningstar hits the orc!
The orc dies!
Kikubaaqudgha accepts your kill.
k - a ring of willpower (right hand)
The orc is no longer blind.
The orc completely misses you.
Casting: Dazzling Flash (extremely dangerous; 22% risk of failure)
Confirm with . or Enter, or press ? or * to list all spells.
You don't have enough magic to cast this spell.
Your +0 morningstar falls from the air.
The orc is no longer blind.
The orc is no longer blind.
The ogre barely misses you. The orc misses you.
Your magical contamination has completely faded away.
There is a stone staircase leading down here.
The orc hits you with a +0 dagger.
The ogre hits you with a +0 giant club!!
Ouch! That really hurt!
You die...
Kikubaaqudgha rasps: "You have failed me!
Welcome... death!"

#)#......##
#.........##
#....../...#
##..........#
#..........).†#
..[............#
###............#
#.........o.##
#.#.....@oo..#
#.......oO...#
.#..........#
#..........#
............#
..#........## .
#.......##
##...#### #...


You could see an ogre and 4 orcs.

Vanquished Creatures
  2 adders (D:2)
  2 dart slugs (D:1)
  3 endoplasms
  2 giant cockroaches (D:1)
  3 goblins (D:1)
  4 hobgoblins
  2 jackals (D:2)
  3 kobolds
  3 quokkas (D:1)
  A ball python (D:1)
  5 bats
  5 frilled lizards
  2 rats
  A spectral hobgoblin (D:1)
38 creatures vanquished.

Vanquished Creatures (collateral kills)
  An orc (D:3)
1 creature vanquished.

Grand Total: 39 creatures vanquished

Notes
Turn   | Place    | Note
-------+----------+-------------------------------------------
     0 | D:1      | Hubjo the Vampire Enchanter began the quest for the Orb.
     0 | D:1      | Reached XP level 1. HP: 13/13 MP: 3/3
   180 | D:1      | Reached XP level 2. HP: 2/20 MP: 5/5
   188 | D:1      | Gained mutation: You are partially covered in iridescent
                  | scales. (AC +2) [potion of mutation]
   188 | D:1      | Gained mutation: You have a pair of small horns on your
                  | head. [potion of mutation]
   357 | D:1      | Reached skill level 5 in Stealth
   362 | D:1      | Reached skill level 1 in Fighting
   503 | D:1      | Gained mutation: You are afflicted with vampirism and can
                  | become a bat while bloodless. [Vampire growth]
   503 | D:1      | Reached XP level 3. HP: 26/26 MP: 6/6
   507 | D:1      | Learned a level 3 spell: Tukima's Dance
   511 | D:1      | Learned a level 3 spell: Dazzling Flash
   575 | D:1      | Found a faded altar of an unknown god.
   614 | D:1      | Prayed at the altar of an unknown god.
   614 | D:1      | Became a worshipper of Kikubaaqudgha
   614 | D:1      | Reached * piety under Kikubaaqudgha
   614 | D:1      | Received a gift from Kikubaaqudgha
  1231 | D:3      | Noticed an ogre
  1258 | D:3      | Annihilated by an ogre

Illustrated notes

Levels and vault maps discovered:
D:1:      psy_arrival_spokes, layout_rooms,
          dreamdust_ecumenical_altar_drowned_temple
D:2:      layout_basic, serial_shops, shop, kennysheep_small_spiral
D:3:      layout_rooms, kennysheep_generic_room_10

Skill      XL: |  1  2 |
---------------+-------+-----
Stealth        | 5 |  5.6
Fighting       | 1 |  1.4
Short Blades   | |  1.6
Dodging        | |  2.7
Spellcasting   | |  2.0
Hexes          | |  4.8

Action                   || total
-------------------------++-------
Melee: Dagger            ||    92
       Bite              ||    10
       Headbutt          ||     9
 Cast: Tukima's Dance    ||     2
       Dazzling Flash    ||     1
  Use: Scroll            ||     8
       Potion            ||     3
 Stab: Sleeping          ||    13
Armor: Robe              ||    35
Dodge: Dodged            ||    84

Table legend: (Time is in decaauts)
 A = Elapsed time spent in this place.
 B = Non-inter-level travel time spent in this place.
 C = Inter-level travel time spent in this place.
 D = Time resting spent in this place.
 E = Time spent auto-exploring this place.
 F = Levels seen in this place.
 G = Mean time per level.
                   A        B        C        D        E       F      G
               +--------+--------+--------+--------+--------+-----+--------+
         Total |   1265 |   1170 |     95 |     97 |    728 |   3 |  421.7 |
       Dungeon |   1265 |   1170 |     95 |     97 |    728 |   3 |  421.7 |
               +--------+--------+--------+--------+--------+-----+--------+

Top non-repeatable levels by time:
     D:1: 687 daAuts
     D:2: 532 daAuts
     D:3: 44 daAuts
